TOP OF THE 1ST |
Oceanside HS Pirates batting - Pitching for Maris School : LHP Marc O'Dwyer
|
Pitching: LHP Marc O'Dwyer
|
|
Batting: RHB Henry Rose
|
0-0: Swinging Strike 0-1: Ball 1-1: Swinging Strike 1-2: Fly out, F8 (Flyball, 8LM)
|
Batting: RHB Howard Brown
|
0-0: Ball 1-0: Foul Ball, location: 2F 1-1: Ball 2-1: Ball 3-1: Ground out 6-3 (Groundball, 56)
|
Batting: LHB Ron Young
|
0-0: Called Strike 0-1: Ball 1-1: Ball 2-1: Fly out, F8 (Flyball, 78D)
|
Top of the 1st over - 0 run(s), 0 hit(s), 0 error(s), 0 left on base; Oceanside HS 0 - Maris School 0 |
BOTTOM OF THE 1ST |
Maris School batting - Pitching for Oceanside HS Pirates : RHP John Stephenson
|
Pitching: RHP John Stephenson
|
|
Batting: RHB Bruce Adams
|
0-0: Called Strike 0-1: Foul Ball, location: 2F 0-2: Ball 1-2: Fly out, F8 (Flyball, 8LS)
|
Batting: RHB Zane Heath
|
0-0: Called Strike 0-1: Ball 1-1: Called Strike 1-2: Strikes out swinging
|
Batting: RHB Neal Sánchez
|
0-0: Foul Ball, location: 2F 0-1: SINGLE (Line Drive, 56D)
|
Batting: SHB Jacob Lachance
|
0-0: SINGLE (Flyball, 89S) Neal Sánchez to second
|
Batting: LHB Ryan Martin
|
0-0: Ground out 3-1 (Groundball, 34)
|
Bottom of the 1st over - 0 run(s), 2 hit(s), 0 error(s), 2 left on base; Oceanside HS 0 - Maris School 0 |
TOP OF THE 2ND |
Oceanside HS Pirates batting - Pitching for Maris School : LHP Marc O'Dwyer
|
Batting: RHB Heath Jones
|
0-0: Ball 1-0: Called Strike 1-1: Fly out, F5 (Popup, 56S)
|
Batting: LHB Frank Byrd
|
0-0: Fly out, F9 (Line Drive, 9)
|
Batting: RHB Luis Viña
|
0-0: Bunt missed! 0-1: Ball 1-1: Ball 2-1: Ball 3-1: Base on Balls
|
Batting: RHB Danny Boykins
|
0-0: Ball 1-0: Called Strike 1-1: Foul Ball, location: 2F 1-2: Foul Ball, location: 2F 1-2: Ball 2-2: Foul Ball, location: 2F 2-2: Fly out, F2 (Popup, 2L)
|
Top of the 2nd over - 0 run(s), 0 hit(s), 0 error(s), 1 left on base; Oceanside HS 0 - Maris School 0 |
BOTTOM OF THE 2ND |
Maris School batting - Pitching for Oceanside HS Pirates : RHP John Stephenson
|
Batting: RHB Stephen Welshman
|
0-0: Ball 1-0: Swinging Strike 1-1: Called Strike 1-2: Strikes out swinging
|
Batting: LHB Stan Miller
|
0-0: Foul Ball, location: 2F 0-1: Ball 1-1: Ball 2-1: Ball 3-1: Base on Balls
|
Batting: SHB Pedro Villalobos
|
0-0: Called Strike 0-1: Ball 1-1: Foul Ball, location: 2F 1-2: Ball 2-2: Ball 3-2: Strikes out swinging Stan Miller steals 2nd base Batter strikes out.
|
Batting: LHB Dustin Wesman
|
0-0: Ball 1-0: Foul Ball, location: 2F 1-1: Ball 2-1: Ball 3-1: Base on Balls
|
Batting: RHB Bruce Adams
|
0-0: Ball 1-0: Called Strike 1-1: Called Strike 1-2: Fly out, F7 (Flyball, 78M)
|
Bottom of the 2nd over - 0 run(s), 0 hit(s), 0 error(s), 2 left on base; Oceanside HS 0 - Maris School 0 |
TOP OF THE 3RD |
Oceanside HS Pirates batting - Pitching for Maris School : LHP Marc O'Dwyer
|
Batting: RHB Anthony Payton
|
0-0: Fly out, F9 (Flyball, 9LM)
|
Batting: RHB Pancho Rodríguez
|
0-0: Ball 1-0: Ball 2-0: Foul Ball, location: 2F 2-1: Called Strike 2-2: Strikes out swinging
|
Batting: RHB Henry Rose
|
0-0: Fly out, F9 (Flyball, 89S)
|
Top of the 3rd over - 0 run(s), 0 hit(s), 0 error(s), 0 left on base; Oceanside HS 0 - Maris School 0 |
BOTTOM OF THE 3RD |
Maris School batting - Pitching for Oceanside HS Pirates : RHP John Stephenson
|
Batting: RHB Zane Heath
|
0-0: Swinging Strike 0-1: Ball 1-1: Foul Ball, location: 2F 1-2: Ball 2-2: Ground out 4-3 (Groundball, 4)
|
Batting: RHB Neal Sánchez
|
0-0: Foul Ball, location: 2F 0-1: Ball 1-1: Ball 2-1: SINGLE (Line Drive, 6MD)
|
Batting: SHB Jacob Lachance
|
0-0: Ball 1-0: Ball 2-0: Foul Ball, location: 2F 2-1: Foul Ball, location: 2F 2-2: Ball 3-2: Foul Ball, location: 2F 3-2: Fly out, F8 (Line Drive, 8LS)
|
Batting: LHB Ryan Martin
|
0-0: Called Strike 0-1: Ball 1-1: Ball 2-1: Ball 3-1: Base on Balls Neal Sánchez to second
|
Batting: RHB Stephen Welshman
|
0-0: Ball 1-0: Swinging Strike 1-1: Ball 2-1: Called Strike 2-2: Strikes out swinging
|
Bottom of the 3rd over - 0 run(s), 1 hit(s), 0 error(s), 2 left on base; Oceanside HS 0 - Maris School 0 |
TOP OF THE 4TH |
Oceanside HS Pirates batting - Pitching for Maris School : LHP Marc O'Dwyer
|
Batting: RHB Howard Brown
|
0-0: Ground out 4-3 (Groundball, 4M)
|
Batting: LHB Ron Young
|
0-0: Ball 1-0: Called Strike 1-1: Ball 2-1: Fly out, F8 (Flyball, 8LS)
|
Batting: RHB Heath Jones
|
0-0: Fly out, F7 (Flyball, 78M)
|
Top of the 4th over - 0 run(s), 0 hit(s), 0 error(s), 0 left on base; Oceanside HS 0 - Maris School 0 |
BOTTOM OF THE 4TH |
Maris School batting - Pitching for Oceanside HS Pirates : RHP John Stephenson
|
Batting: LHB Stan Miller
|
0-0: Foul Ball, location: 2F 0-1: SINGLE (Line Drive, 78M)
|
Batting: SHB Pedro Villalobos
|
0-0: Swinging Strike 0-1: Foul Ball, location: 2F 0-2: Ball 1-2: Ground out 4-3 (Groundball, 34D) Stan Miller to second
|
Batting: LHB Dustin Wesman
|
0-0: Ball 1-0: Ball 2-0: Ball 3-0: Called Strike 3-1: Foul Ball, location: 2F 3-2: Base on Balls
|
Batting: RHB Bruce Adams
|
0-0: Ball 1-0: Foul Ball, location: 2F 1-1: Ball 2-1: Fly out, F5 (Popup, 56)
|
Batting: RHB Zane Heath
|
0-0: Fielders Choice at 2nd, 6-4 (Groundball, 6)
|
Bottom of the 4th over - 0 run(s), 1 hit(s), 0 error(s), 1 left on base; Oceanside HS 0 - Maris School 0 |
TOP OF THE 5TH |
Oceanside HS Pirates batting - Pitching for Maris School : LHP Marc O'Dwyer
|
Batting: LHB Frank Byrd
|
0-0: Called Strike 0-1: Ball 1-1: Foul Ball, location: 2F 1-2: Foul Ball, location: 2F 1-2: Ball 2-2: Foul Ball, location: 2F 2-2: Foul Ball, location: 2F 2-2: Ground out 6-3 (Groundball, 4MD)
|
Batting: RHB Luis Viña
|
0-0: Swinging Strike 0-1: Ball 1-1: Reached on error, E5 (Groundball, 56)
|
Batting: RHB Danny Boykins
|
0-0: Intentional Walk
|
Batting: RHB Anthony Payton
|
0-0: Ball Luis Viña is caught stealing 3rd base Danny Boykins to second 1-0: Foul Ball, location: 2F 1-1: Foul Ball, location: 2F 1-2: Foul Ball, location: 2F 1-2: Fly out, F9 (Line Drive, 9)
|
Top of the 5th over - 0 run(s), 0 hit(s), 1 error(s), 1 left on base; Oceanside HS 0 - Maris School 0 |
BOTTOM OF THE 5TH |
Maris School batting - Pitching for Oceanside HS Pirates : RHP John Stephenson
|
Batting: RHB Neal Sánchez
|
0-0: Ball 1-0: Foul Ball, location: 2F 1-1: Fly out, F5 (Popup, 5L)
|
Pitching: RHP Harley Sandberg
|
|
Batting: SHB Jacob Lachance
|
0-0: Ball 1-0: Foul Ball, location: 2F 1-1: Foul Ball, location: 2F 1-2: Ball 2-2: Ball 3-2: SINGLE (Flyball, 8RS)
|
Batting: LHB Ryan Martin
|
0-0: Swinging Strike 0-1: Ball 1-1: Ball 2-1: 2-RUN HOME RUN (Flyball, 9D), Distance : 381 ft
|
Batting: RHB Stephen Welshman
|
0-0: Ball 1-0: Foul Ball, location: 2F 1-1: Called Strike 1-2: Foul Ball, location: 2F 1-2: Strikes out swinging
|
Batting: LHB Stan Miller
|
0-0: Ball 1-0: Ball 2-0: Foul Ball, location: 2F 2-1: Swinging Strike 2-2: Fly out, F7 (Flyball, 7LM)
|
Bottom of the 5th over - 2 run(s), 2 hit(s), 0 error(s), 0 left on base; Oceanside HS 0 - Maris School 2 |
TOP OF THE 6TH |
Oceanside HS Pirates batting - Pitching for Maris School : LHP Marc O'Dwyer
|
Batting: RHB Pancho Rodríguez
|
0-0: Ball 1-0: Ball 2-0: Ball 3-0: Called Strike 3-1: Base on Balls
|
Batting: RHB Henry Rose
|
0-0: Ball 1-0: Ball 2-0: Ball 3-0: Called Strike 3-1: Base on Balls Pancho Rodríguez to second
|
Batting: RHB Howard Brown
|
0-0: Called Strike 0-1: Foul Ball, location: 2F 0-2: Ball 1-2: Ball 2-2: SINGLE (Groundball, 6MD) Pancho Rodríguez to third Henry Rose to second
|
Pitching: LHP Andy Fender
|
|
Batting: LHB Ron Young
|
0-0: Foul Ball, location: 2F 0-1: Ball 1-1: Ball 2-1: Called Strike 2-2: Ball 3-2: Strikes out looking
|
Batting: RHB Heath Jones
|
0-0: Grounds into double play, 6-4-3 (Groundball, 6)
|
Top of the 6th over - 0 run(s), 1 hit(s), 0 error(s), 2 left on base; Oceanside HS 0 - Maris School 2 |
BOTTOM OF THE 6TH |
Maris School batting - Pitching for Oceanside HS Pirates : RHP Harley Sandberg
|
Pitching: RHP Tim Rogers
|
|
Batting: SHB Pedro Villalobos
|
0-0: Ball 1-0: Ball 2-0: Foul Ball, location: 2F 2-1: Swinging Strike 2-2: Strikes out swinging
|
Batting: LHB Dustin Wesman
|
0-0: Called Strike 0-1: SINGLE (Flyball, 6MD)
|
Batting: RHB Bruce Adams
|
0-0: Called Strike 0-1: Called Strike 0-2: Ball 1-2: Strikes out swinging
|
Batting: RHB Zane Heath
|
0-0: Ball Passed Ball! Dustin Wesman to second 1-0: Swinging Strike 1-1: Ball 2-1: Swinging Strike 2-2: Foul Ball, location: 2F 2-2: Strikes out swinging
|
Bottom of the 6th over - 0 run(s), 1 hit(s), 0 error(s), 1 left on base; Oceanside HS 0 - Maris School 2 |
TOP OF THE 7TH |
Oceanside HS Pirates batting - Pitching for Maris School : LHP Andy Fender
|
Batting: LHB Frank Byrd
|
0-0: Called Strike 0-1: Ball 1-1: Foul Ball, location: 2F 1-2: Foul Ball, location: 2F 1-2: Ball 2-2: Foul Ball, location: 2F 2-2: SOLO HOME RUN (Flyball, 89XD), Distance : 428 ft
|
Batting: RHB Luis Viña
|
0-0: Fly out, F9 (Flyball, 9S)
|
Batting: RHB Danny Boykins
|
0-0: Ball 1-0: Ball 2-0: Ball 3-0: Called Strike 3-1: Foul Ball, location: 2F 3-2: Foul Ball, location: 2F 3-2: Fly out, F8 (Flyball, 8RM)
|
Batting: RHB Anthony Payton
|
0-0: Ball 1-0: Ball 2-0: Foul Ball, location: 2F 2-1: Foul Ball, location: 2F 2-2: Ball 3-2: Strikes out swinging
|
Top of the 7th over - 1 run(s), 1 hit(s), 0 error(s), 0 left on base; Oceanside HS 1 - Maris School 2 |
BOTTOM OF THE 7TH |
Maris School batting - Pitching for Oceanside HS Pirates : RHP Tim Rogers
|
Batting: RHB Neal Sánchez
|
0-0: Ball 1-0: Ball 2-0: Called Strike 2-1: SINGLE (Line Drive, 6MD)
|
Batting: SHB Jacob Lachance
|
0-0: Foul Ball, location: 2F 0-1: Ball 1-1: Called Strike 1-2: Ball 2-2: Ball 3-2: Base on Balls Neal Sánchez to second
|
Batting: LHB Ryan Martin
|
0-0: Grounds into double play, 4-6-3 (Groundball, 4) Neal Sánchez to third
|
Batting: RHB Stephen Welshman
|
0-0: Ball Wild Pitch! Neal Sánchez scores 1-0: Foul Ball, location: 2F 1-1: Foul Ball, location: 2F 1-2: Strikes out swinging
|
Bottom of the 7th over - 1 run(s), 1 hit(s), 0 error(s), 0 left on base; Oceanside HS 1 - Maris School 3 |
TOP OF THE 8TH |
Oceanside HS Pirates batting - Pitching for Maris School : LHP Andy Fender
|
Batting: RHB Pancho Rodríguez
|
0-0: Foul Ball, location: 2F 0-1: Ball 1-1: Ball 2-1: Ball 3-1: Foul Ball, location: 2F 3-2: Base on Balls
|
Pitching: RHP Nick Rogers
|
|
Batting: RHB Henry Rose
|
0-0: Ball 1-0: Called Strike 1-1: Foul Ball, location: 2F 1-2: Ball 2-2: SINGLE (Line Drive, 56D) Pancho Rodríguez to second
|
Batting: RHB Howard Brown
|
0-0: Bunted foul 0-1: Bunt missed! 0-2: Ball 1-2: Ball 2-2: Ball 3-2: Foul Ball, location: 2F 3-2: Base on Balls Pancho Rodríguez to third Henry Rose to second
|
Pitching: LHP Kyle Thompson
|
|
Batting: LHB Ron Young
|
0-0: Ball 1-0: Called Strike 1-1: Foul Ball, location: 2F 1-2: Ball 2-2: Strikes out swinging
|
Pitching: RHP Don Anderson
|
|
Batting: RHB Heath Jones
|
0-0: Ball 1-0: Ball 2-0: Foul Ball, location: 2F 2-1: Foul Ball, location: 2F 2-2: Ball 3-2: Fly out, F3 (Popup, 3D)
|
Pitching: LHP Rick Wolf
|
|
Batting: LHB Frank Byrd
|
0-0: Ball 1-0: Ball 2-0: Foul Ball, location: 2F 2-1: Ball 3-1: Base on Balls Pancho Rodríguez scores Henry Rose to third Howard Brown to second
|
Pitching: RHP Paul Burns
|
|
Batting: RHB Luis Viña
|
0-0: Called Strike 0-1: Ball 1-1: Called Strike 1-2: Ball 2-2: Strikes out swinging
|
Top of the 8th over - 1 run(s), 1 hit(s), 0 error(s), 3 left on base; Oceanside HS 2 - Maris School 3 |
BOTTOM OF THE 8TH |
Maris School batting - Pitching for Oceanside HS Pirates : RHP Tim Rogers
|
Batting: LHB Stan Miller
|
0-0: Called Strike 0-1: SINGLE (Flyball, 6MD)
|
Batting: SHB Pedro Villalobos
|
0-0: Ball 1-0: Sac Bunt - play at first, batter OUT! 5-4 Stan Miller to second
|
Batting: LHB Dustin Wesman
|
0-0: SINGLE (Groundball, 34D) Stan Miller to third
|
Batting: RHB Bruce Adams
|
0-0: Grounds into double play, 6-4-3 (Groundball, 6)
|
Bottom of the 8th over - 0 run(s), 2 hit(s), 0 error(s), 1 left on base; Oceanside HS 2 - Maris School 3 |
TOP OF THE 9TH |
Oceanside HS Pirates batting - Pitching for Maris School : RHP Paul Burns
|
Pitching: RHP Mark Schroder
|
|
Batting: RHB Danny Boykins
|
0-0: Called Strike 0-1: Swinging Strike 0-2: Ball 1-2: Fly out, F5 (Popup, 56S)
|
Batting: RHB Anthony Payton
|
0-0: Ball 1-0: Ball 2-0: Ball 3-0: Base on Balls
|
Pinch Hitting: SHB Jerry Young
|
0-0: Ball 1-0: Ball 2-0: Swinging Strike 2-1: Foul Ball, location: 2F 2-2: Strikes out looking
|
Batting: RHB Henry Rose
|
0-0: Ball 1-0: Ball 2-0: Called Strike 2-1: Ball 3-1: Base on Balls Anthony Payton to second
|
Batting: RHB Howard Brown
|
0-0: Called Strike 0-1: Swinging Strike 0-2: Foul Ball, location: 2F 0-2: Fielders Choice at 2nd, 6-4 (Groundball, 6)
|
Top of the 9th over - 0 run(s), 0 hit(s), 0 error(s), 1 left on base; Oceanside HS 2 - Maris School 3 |
|